 Dungeon Crawl Stone Soup version 0.24-a0-378-g94936e539c (webtiles) character file.

Game seed: 9659892216147228868

92 Azzok the Chopper (level 4, -5/28 HPs)
             Began as a Gargoyle Fighter on June 1, 2019.
             Killed from afar by an orc wizard (9 damage)
             ... with a magic dart
             ... on level 3 of the Dungeon.
             The game lasted 00:03:54 (2095 turns).

Azzok the Chopper (Gargoyle Fighter)                Turns: 2095, Time: 00:03:55

Health: -5/28      AC: 14    Str: 25    XL:     4   Next: 60%
Magic:  4/4        EV:  5    Int:  9    God:
Gold:   44         SH:  9    Dex:  9    Spells: 3/3 levels left

rFire    . . .     SeeInvis .   a - +0 war axe
rCold    . . .     Gourm    .   c - +0 shield
rNeg     + . .     Faith    .   i - +0 chain mail
rPois    ∞         Spirit   .   (no helmet)
rElec    +         Reflect  .   g - +1 cloak
rCorr    .         Harm     .   (no gloves)
MR       .....                  (no boots)
Stlth    ..........             (no amulet)
HPRegen  0.09/turn              (no ring)
MPRegen  0.09/turn              (no ring)

@: mighty
A: negative energy resistance 1, electricity resistance, unbreathing,
petrification resistance, rot immunity, AC +3
a: no special abilities


You were on level 3 of the Dungeon.
You were not hungry.

You visited 1 branch of the dungeon, and saw 3 of its levels.

You collected 44 gold pieces.

Inventory:

Hand Weapons
 a - a +0 war axe (weapon)
Armour
 c - a +0 shield (worn)
 g - a +1 cloak (worn)
 i - a +0 chain mail (worn)
Scrolls
 b - 2 scrolls of identify {unknown}
 e - a scroll of enchant armour {unknown}
 j - 2 scrolls of teleportation {unknown}
 l - a scroll of fear {unknown}
 m - a scroll of noise {unknown}
Potions
 h - a potion of cancellation {unknown}
 k - a potion of brilliance {unknown}
Comestibles
 f - 7 rations


   Skills:
 - Level 3.2 Fighting
 + Level 4.2 Axes
 - Level 3.2 Armour
 - Level 3.2 Shields


You had 3 spell levels left.
You didn't know any spells.
Your spell library was empty.

Dungeon Overview and Level Annotations

Branches:
Dungeon (3/15)

Altars:
Dithmenos
The Shining One


Innate Abilities, Weirdness & Mutations

You are resistant to torment.
Your stone body is resilient. (AC +3)
You are immune to poison.
You resist negative energy. (rN+)
You are resistant to electric shocks. (rElec)
You can survive without breathing.
You are immune to petrification.
You are immune to rotting.


Message History

You hit the orc wizard.
The orc wizard is moderately wounded.
The orc wizard casts a spell.
The orc wizard flickers and vanishes!
Deactivating autopickup; reactivate with Ctrl-A.
Something hits you but does no damage.
You miss something. Something hits you but does no damage.
The orc priest invokes the aid of Beogh against you.
Something writhes in agony.
You miss something.
Something hits you but does no damage. x2
You barely miss something.
The orc priest looks braver for a moment.
Something hits you but does no damage.
You miss something. Something hits you but does no damage.
You miss something.
Something hits you but does no damage. x2
You hit something.
You hear some strange, mumbled words.
A magic dart appears from out of thin air!
The magic dart hits you!
You die...

▒····▒·▒·▒················
▒·····················▒▒·▒
▒····▒·▒·▒·▒·▒▒▒▒·▒▒▒·▒(<·
▒▒▒▒·▒·(···▒·▒·▒▒▒▒·▒ ▒··▒·▒
·············▒······▒▒▒·····
·▒▒············▒▒▒·····▒▒·▒
▒· ▒··▒··▒▒·▒▒·▒▒ ▒▒▒▒▒▒▒···
▒· ▒·····▒▒·▒▒·▒ ▒▒·▒ ▒·
▒▒····▒▒@▒▒·▒ ▒··
▒··▒▒▒····▒▒{▒▒·▒ ▒▒▒▒▒▒·÷
▒··········oo···▒ ▒·······
▒▒·▒▒▒▒·o▒▒▒▒·····▒ ▒·▒▒▒▒··
▒▒▒··o)·o··▒ ▒·▒▒▒·▒ ▒▒·
▒·····▒▒▒▒·▒ ▒·▒ ▒ ▒·
▒·····▒ ▒·▒ ▒·▒ ▒▒·▒▒▒▒▒·
▒·)···· ▒·▒ ▒·▒ ·········
▒······▒ ▒·▒ ▒·▒ ▒▒·▒▒▒▒▒·


You could see an orc priest and an orc.

Vanquished Creatures
  Natasha (D:3)
  An adder (D:2)
  A gnoll (D:1)
  4 leopard geckos
  2 orcs (D:3)
  3 giant cockroaches
  8 hobgoblins
  3 jackals (D:1)
  A quokka (D:2)
  A ball python (D:2)
  5 bats
  A frilled lizard (D:1)
  8 kobolds
  3 rats (D:1)
42 creatures vanquished.

Notes
Turn   | Place    | Note
-------+----------+-------------------------------------------
     0 | D:1      | Azzok the Gargoyle Fighter began the quest for the Orb.
     0 | D:1      | Reached XP level 1. HP: 14/14 MP: 1/1
    40 | D:1      | Reached skill level 2 in Axes
   109 | D:1      | Reached XP level 2. HP: 19/19 MP: 2/2
   362 | D:1      | Reached skill level 3 in Axes
   369 | D:1      | Reached XP level 3. HP: 23/23 MP: 3/3
  1541 | D:2      | Reached XP level 4. HP: 27/28 MP: 4/4
  1706 | D:2      | Found a shadowy altar of Dithmenos.
  1750 | D:2      | Found a glowing golden altar of the Shining One.
  1807 | D:3      | Noticed Natasha
  1831 | D:3      | Killed Natasha
  1831 | D:3      | Reached skill level 4 in Axes
  2095 | D:3      | Killed from afar by an orc wizard

Levels and vault maps discovered:
D:1:      dpeg_arrival_simpleton_a, layout_loops_ring, serial_bayou_pond_d
D:2:      layout_loops_ring, lemuel_coloured_pillars_altar,
          nicolae_overflow_hidden_temple, hangedman_glass_teeth
D:3:      layout_loops_ring, nemelex_xobeh_ov_fountains_minmay, st_stairs_8,
          uniq_natasha, uniq_grinder

Skill      XL: |  1  2  3  4 |
---------------+-------------+-----
Axes           | 2 3 4 |  4.2
Fighting       | |  3.2
Armour         | |  3.2
Shields        | |  3.2

Action                   |  1- 3 |  4- 6 || total
-------------------------+-------+-------++-------
Melee: War axe           |   123 |    61 ||   184
  Use: Potion            |       |     1 ||     1
  Eat: Chunk             |     2 |     2 ||     4
Armor: Scale mail        |    23 |       ||    23
       Chain mail        |    68 |    36 ||   104
Dodge: Dodged            |    39 |    13 ||    52
Block: Shield            |    61 |    26 ||    87

Table legend:
 A = Non-vault XP
 B = Vault XP
 C = Vault XP percentage of total XP
 D = Non-vault monster count
 E = Vault monster count
 F = Vault count percentage of total count
                 A         B        C        D         E       F
            +---------+---------+-------+---------+---------+-------
      Total |      94 |      38 |  28.8 |      39 |       3 |   7.1
            +---------+---------+-------+---------+---------+-------
        D:1 |      49 |       0 |   0.0 |      23 |       0 |   0.0
        D:2 |      37 |       0 |   0.0 |      13 |       0 |   0.0
        D:3 |       8 |      38 |  82.6 |       3 |       3 |  50.0
            +---------+---------+-------+---------+---------+-------
